 Dungeon Crawl Stone Soup version 0.28.0-1-gb440e238dd (webtiles) character file.

Game seed: 17251053392861792396

1211 joshe the Reanimator (level 8, -3/43 HPs)
             Began as a Vampire Necromancer on Feb 28, 2022.
             Was an Initiate of Gozag.
             Slain by a boulder beetle (17 damage)
             ... on level 6 of the Dungeon.
             The game lasted 00:47:29 (10094 turns).

joshe the Reanimator (Vampire Necromancer)         Turns: 10094, Time: 00:47:31

Health: -3/43      AC:  3    Str:  6 (7)  XL:     8   Next: 22%
Magic:  18/21      EV: 12    Int: 17 (19) God:    Gozag
Gold:   83         SH:  4    Dex: 13 (15) Spells: 4/13 levels left

rFire   . . .      SeeInvis +   r - +1 dagger (venom)
rCold   . . .      Faith    .   w - +0 buckler
rNeg    . . .      Spirit   .   a - +0 robe
rPois   .          Reflect  .   (no helmet)
rElec   .          Harm     .   (no cloak)
rCorr   .          Rampage  .   (no gloves)
Will    .....                   l - +0 pair of boots
Stlth   +++.......              (no amulet)
HPRegen 0.34/turn               v - ring of magical power
MPRegen 0.17/turn               (no ring)

@: healing quickly
A: alive, fangs 3, see invisible, vampiric 2, [frail 2]
a: Exsanguinate, Renounce Religion, Potion Petition, Call Merchant, Bribe Branch


You were on level 6 of the Dungeon.
You worshipped Gozag.
Gozag was noncommittal.
You visited 2 branches of the dungeon, and saw 7 of its levels.

You collected 246 gold pieces.
You spent 61 gold pieces at shops.
You paid 102 gold pieces to Gozag.

Inventory:

Hand Weapons
 r - a +1 dagger of venom (weapon)
Missiles
 p - a poisoned dart
Armour
 a - a +0 robe (worn)
 l - a +0 pair of boots (worn)
 s - an orb of energy
 w - a +0 buckler (worn)
Jewellery
 v - a ring of magical power (left hand)
 z - the ring of Sin {Ice +Blink rElec Str+5 Dex-3}
   (You found it on level 6 of the Dungeon)

   [ring of ice]

   It enhances your ice magic.
   Str:       It affects your strength (+5).
   Dex:       It affects your dexterity (-3).
   rF:        It makes you vulnerable to fire.
   rC:        It protects you from cold.
   rElec:     It insulates you from electricity.
   +Blink:    It lets you blink.
Scrolls
 b - 4 scrolls of teleportation
 c - a scroll of magic mapping {unknown}
 d - 2 scrolls of amnesia {unknown}
 e - 3 scrolls of vulnerability {unknown}
 h - 2 scrolls of enchant weapon {unknown}
 i - a scroll of blinking {unknown}
 k - a scroll of silence {unknown}
 m - 2 scrolls of immolation {unknown}
 o - a scroll of acquirement {unknown}
 u - a scroll of summoning {unknown}
 x - a scroll of noise {unknown}
 y - a scroll of enchant armour {unknown}
Potions
 f - a potion of brilliance
 g - a potion of heal wounds
 j - a potion of might
 n - 3 potions of ambrosia
 q - 3 potions of curing
 t - 2 potions of flight {unknown}


   Skills:
 - Level 1.0 Fighting
 - Level 2.1 Dodging
 - Level 7.0 Stealth
 + Level 2.2 Shields
 - Level 3.0 Spellcasting
 - Level 5.1 Hexes
 - Level 9.0 Necromancy


You had 4 spell levels left.
You knew the following spells:

 Your Spells              Type           Power      Damage    Failure   Level
a - Pain                  Necr           100%       1d9       1%          1
b - Vampiric Draining     Necr           33%        2d8       1%          3
c - Agony                 Necr           33%        N/A       16%         5

Your spell library contained the following spells:

 Spells                   Type           Power      Damage    Failure   Level
 Animate Skeleton         Necr           66%        N/A       1%          1
 Animate Dead             Necr           16%        N/A       5%          4
 Confusing Touch          Hex            20%        N/A       9%          3
 Apportation              Tloc           4%         N/A       22%         1
 Sting                    Tmut/Pois      8%         1d3       22%         1
 Summon Guardian Golem    Hex/Summ       11%        N/A       24%         3
 Poisonous Vapours        Pois/Air       4%         N/A       34%         2
 Olgreb's Toxic Radiance  Pois           2%         N/A       92%         4
 Yara's Violent Unravell  Hex/Tmut       5%         3d4       91%         5
 Alistair's Intoxication  Tmut/Pois      1%         N/A       99%         5
 Enfeeble                 Hex            10%        N/A       100%        7
 Orb of Destruction       Conj           1%         9d5       100%        7
 Spellforged Servitor     Conj/Summ      1%         N/A       100%        7


Dungeon Overview and Level Annotations

Branches:
Dungeon (6/15)             Temple (1/1) D:6

Altars:
Cheibriados
Dithmenos
Gozag
Hepliaklqana
Kikubaaqudgha
Makhleb
Nemelex Xobeh
Okawaru
Qazlal
Ru
Sif Muna
Trog
Uskayaw
Wu Jian
Xom
Yredelemnul
Zin

Shops:
D:2 :   D:4 *   D:5 *!*!

Annotations:
D:3 3 runed translucent doors, ChongLi's ghost, weakling FeTm; fknight's ghost, amateur HOFi
D:5 2 transporters, cbfl8's ghost, weakling HODe


Innate Abilities, Weirdness & Mutations

Your natural rate of healing is accelerated.
You have razor-sharp teeth.
You have supernaturally acute eyesight. (SInv)
You are afflicted with vampirism and can become a bat while bloodless.
[You are very frail. (-20% HP)]


Message History

Okay, then.
Throw: 5 darts (poison)
Press: ? - help, Shift-Dir - straight line, f - boulder beetle
Aim: a boulder beetle (asleep, 98% to hit)
You throw a poisoned dart.
The poisoned dart hits the boulder beetle.
Throw: 4 darts (poison)
Press: ? - help, Shift-Dir - straight line, f/p - boulder beetle
Aim: a boulder beetle (89% to hit)
You throw a poisoned dart.
The poisoned dart hits the boulder beetle.
Throw: 3 darts (poison)
Press: ? - help, Shift-Dir - straight line, f/p - boulder beetle
Aim: a boulder beetle (89% to hit)
You throw a poisoned dart.
The poisoned dart hits the boulder beetle.
The boulder beetle is poisoned.
The boulder beetle leaps!
Throw: 2 darts (poison)
Press: ? - help, Shift-Dir - straight line, f/p - boulder beetle
Aim: a boulder beetle (lightly wounded, poisoned, 89% to hit)
You throw a poisoned dart.
The poisoned dart hits the boulder beetle.
The boulder beetle looks even sicker.
The boulder beetle is lightly wounded.
The boulder beetle curls into a ball and begins rolling!
The boulder beetle hits you!!
Ouch! That really hurt!
* * * LOW HITPOINT WARNING * * *
The boulder beetle stops rolling and uncurls.
There is an open door, spattered with blood here.
Casting: Vampiric Draining (safe; 1% risk of failure)
Confirm with . or Enter, or press ? or * to list all spells.
Aiming: Vampiric Draining (safe; 1% risk of failure)
Press: ? - help, Shift-Dir - straight line, f/p - boulder beetle
Aim: a boulder beetle (lightly wounded, poisoned)
You draw life force from the boulder beetle.
You feel life coursing into your body. The boulder beetle bites you!
You die...
Your body crumbles into a pile of gold.

......#
######+##......#
#......(.......#
#...........(..#
##.........((...#
..........#
........°.#
.......B..# ######
......#@########....#
......+..#..........#
$
##....#.)'..........#
#....####..........#
#..................#
#..................#
$
#....8>8.######....#
#........# #....#
#........# #....#


You could see a boulder beetle (poisoned).

Vanquished Creatures
  3 black bears
  A sky beast (D:5)
  An ogre (D:4)
  A centaur (D:5)
  3 scorpions (D:5)
  2 water moccasin zombies (D:5)
  A bullfrog zombie (D:5)
  A centaur zombie (D:6)
  2 hounds (D:5)
  An orc priest (D:4)
  A jelly (D:5)
  A centaur skeleton (D:5)
  2 orc wizards (D:4)
  A scorpion zombie (D:5)
  A hound skeleton (D:5)
  4 adders
  3 worms
  A dart slug (D:1)
  3 orcs
  A ball python (D:4)
  6 endoplasms
  A giant cockroach (D:1)
  10 goblins
  10 hobgoblins
  10 jackals
  3 kobolds
  6 bats
  5 frilled lizards
  5 rats
90 creatures vanquished.

Notes
Turn   | Place    | Note
-------+----------+-------------------------------------------
     0 | D:1      | joshe the Vampire Necromancer began the quest for the Orb.
     0 | D:1      | Reached XP level 1. HP: 13/13 MP: 3/3
   307 | D:1      | Reached XP level 2. HP: 15/19 MP: 1/5
   371 | D:1      | Reached skill level 5 in Necromancy
   999 | D:2      | Gained mutation: You are afflicted with vampirism and can
                  | become a bat while bloodless. [Vampire growth]
   999 | D:2      | Reached XP level 3. HP: 23/24 MP: 3/6
  1114 | D:2      | Found a faded altar of an unknown god.
  1176 | D:2      | Found Geulos's Book Shop.
  1438 | D:2      | Learned a level 3 spell: Vampiric Draining
  1651 | D:2      | Reached skill level 6 in Necromancy
  1958 | D:2      | Reached XP level 4. HP: 29/30 MP: 5/7
  2471 | D:3      | Found a runed translucent gate.
  2603 | D:3      | Found a runed translucent gate.
  2603 | D:3      | Found a runed translucent gate.
  2604 | D:3      | Noticed fknight's ghost (amateur HOFi)
  2604 | D:3      | Noticed ChongLi's ghost (weakling FeTm)
  2849 | D:3      | Found a hazy altar of Hepliaklqana.
  3024 | D:3      | Found a sacrificial altar of Ru.
  3337 | D:4      | Reached XP level 5. HP: 32/35 MP: 2/9
  3560 | D:4      | Found Qeusu's General Store.
  3575 | D:4      | Noticed a black bear
  3770 | D:4      | Killed a black bear
  3771 | D:4      | Reached skill level 7 in Necromancy
  3771 | D:4      | Reached skill level 1 in Fighting
  3771 | D:4      | Reached XP level 6. HP: 42/43 MP: 2/10
  3881 | D:4      | Bought a scroll of identify for 22 gold pieces
  3908 | D:4      | Found a bloodstained altar of Trog.
  4067 | D:3      | Learned a level 5 spell: Agony
  4089 | D:4      | Reached skill level 5 in Stealth
  4324 | D:4      | Found an opulent altar of Gozag.
  4665 | D:5      | Entered Level 5 of the Dungeon
  4675 | D:5      | Noticed a sky beast
  4769 | D:5      | Reached skill level 8 in Necromancy
  4769 | D:5      | Reached XP level 7. HP: 48/48 MP: 4/11
  5478 | D:5      | Found a transporter.
  5478 | D:5      | Noticed cbfl8's ghost (weakling HODe)
  5498 | D:5      | Found a transporter.
  6371 | D:5      | Reached skill level 9 in Necromancy
  6371 | D:5      | Reached skill level 1 in Hexes
  7079 | D:5      | Found Hit Ecoq's Distillery.
  7094 | D:5      | Bought a potion of curing for 39 gold pieces
  8156 | D:5      | Found Vawawno's Distillery.
  8240 | D:5      | Found Tify's Assorted Antiques.
  8248 | D:5      | Reached XP level 8. HP: 43/43 MP: 12/12
  8250 | D:5      | Reached skill level 5 in Hexes
  8573 | D:5      | Reached skill level 1 in Shields
  8738 | D:5      | Found Idemi's Assorted Antiques.
  9556 | D:6      | Found a staircase to the Ecumenical Temple.
  9558 | D:6      | Identified the ring of Sin {Ice +Blink rElec Str+5 Dex-3}
  9566 | Temple   | Entered the Ecumenical Temple
  9756 | D:4      | Became a worshipper of Gozag Ym Sagoz the Greedy
 10086 | D:6      | Noticed a boulder beetle
 10094 | D:6      | Slain by a boulder beetle

Illustrated notes

Levels and vault maps discovered:
D:1:      mrwooster_arrival_statue_2, layout_loops_ring, st_stairs_11
D:2:      layout_loops_cross, serial_shops, nicolae_lakefront_shop,
          basic_ecumenical_altar
D:3:      layout_basic, mainiacjoe_overflow_tiny_flanked,
          nicolae_ru_the_path_less_chosen, gammafunk_ghost_cemetery, st_stairs_3
D:4:      layout_rooms, trog_ov_bears_minmay, grunt_gozag_statues, serial_shops,
          shop, nrook_loot_triangle, nicolae_elevator_lobby_plus
D:5:      layout_layer_cave, serial_shops, nicolae_shop_advertising_works
          [nicolae_subvault_shop_adworks], kennysheep_little_box,
          nicolae_shop_trees, kennysheep_mini, gammafunk_ghost_arena
D:6:      layout_gridville, temple_statues
Temple:   dshaligram_water_room_temple

Skill      XL: |  1  2  3  4  5  6  7  8 |
---------------+-------------------------+-----
Necromancy     | 5 6 7 8 9 |  9.0
Spellcasting   | 3 |  3.0
Fighting       | 1 |  1.0
Stealth        | 4 5 7 |  7.0
Hexes          | 4 5 |  5.1
Shields        | 2 |  2.2
Dodging        | |  2.1

Action                   |  1- 3 |  4- 6 |  7- 9 || total
-------------------------+-------+-------+-------++-------
Melee: Dagger            |    17 |     4 |   121 ||   142
       Bite              |     1 |       |    23 ||    24
       Punch             |     1 |       |     3 ||     4
Throw: Dart              |       |       |     6 ||     6
 Cast: Pain              |    73 |    91 |    16 ||   180
       Vampiric Draining |       |     8 |     8 ||    16
       Agony             |       |     2 |     2 ||     4
 Abil: Exsanguinate      |       |       |     2 ||     2
       Revivify          |       |       |     2 ||     2
       Bat Form          |       |       |     1 ||     1
  Use: Scroll            |       |     5 |     1 ||     6
       Potion            |       |       |     3 ||     3
 Stab: Sleeping          |       |       |     3 ||     3
Armor: Robe              |     8 |     1 |    38 ||    47
Dodge: Dodged            |    35 |    13 |   114 ||   162
Block: Buckler           |       |       |    12 ||    12
